AoeStats
← Azabachee

Fortress

507953621Analyzed
2v2 RM · 11d ago on Sep 20, 2026· 38m 39s· 4 players
Game mode
Random Map
Map size
Normal (6 player)
Population
200
Speed
Normal
Resources
Standard
Victory
Conquest
Starting age
Dark Age
Ending age
Imperial Age
RankedLock teamsTeams togetherTeam positionsShared explorationLock speedFull tech treeHidden civsTurbo modeCheats
Victory
Defeat
🇦🇷 Celts · Argentina
1167
+16
🇦🇷 Japanese · Argentina
1164
+16
🇺🇸 Persians · United States
1196
-18
🇦🇺 Hindustanis · Australia
1116
-14
Azabachee
2:53 Loom
9:18 Feudal Age
12:56 Castle Age
10:58 Double-Bit Axe
11:22 Horse Collar
11:39 Town Watch
11:40 Loom
12:44 Fletching
12:56 Padded Archer Armor
12:50 Gold Mining
14:39 Bodkin Arrow
15:17 Gold Mining
15:38 Bow Saw
18:37 Bloodlines
18:59 Husbandry
25:24 Wheelbarrow
27:27 Ballistics
28:20 Hand Cart
38:12 Imperial Age
36:28 Light Cavalry
Thompson
6:53 Loom
9:05 Feudal Age
14:16 Castle Age
12:31 Gold Mining
12:24 Horse Collar
12:31 Double-Bit Axe
15:28 Forging
22:13 Town Watch
24:15 Iron Casting
23:41 Scale Mail Armor
28:14 Heavy Plow
TALKA to me
8:10 Feudal Age
9:26 Horse Collar
10:40 Double-Bit Axe
14:49 Castle Age
14:04 Loom
15:47 Bow Saw
17:25 Wheelbarrow
22:09 Hand Cart
22:03 Padded Archer Armor
22:14 Forging
22:07 Gold Mining
23:13 Scale Mail Armor
24:32 Iron Casting
24:21 Fletching
25:25 Chain Mail Armor
26:50 Elite Skirmisher
27:35 Thumb Ring
27:45 Fletching
28:10 Leather Archer Armor
29:17 Gold Shaft Mining
29:07 Bodkin Arrow
30:36 Ballistics
33:39 Imperial Age
30:54 Town Watch
34:43 Bloodlines
34:33 Husbandry
35:25 Conscription
35:08 Bracer
35:38 Ring Archer Armor
35:16 Scale Barding Armor
36:12 Blast Furnace
34:54 Heavy Camel Rider
37:04 Imperial Camel Rider
Dumb_Armadillo
4:39 Loom
8:45 Feudal Age
7:02 Loom
8:50 Feudal Age
13:39 Castle Age
11:40 Double-Bit Axe
11:46 Horse Collar
13:00 Gold Mining
13:01 Stone Mining
13:12 Stone Mining
14:38 Bow Saw
17:58 Wheelbarrow
17:08 Town Watch
18:42 Heavy Plow
20:45 Kamandaran
21:45 Bloodlines
22:08 Scale Barding Armor
21:54 Fletching
22:02 Fletching
22:03 Elite Skirmisher
24:56 Crossbowman
Connection lost

Rejoining the realm…

Still unreachable

The connection could not be restored.

Session expired

The server has moved on; the page needs a fresh start.